 Dungeon Crawl Stone Soup version 0.23.1-37-gaa34b87 (webtiles) character file.

Game seed: 3307872683494538679

416419 eskel the Impregnable (level 22, -2/191 HPs)
             Began as a Minotaur Fighter on Mar 25, 2019.
             Was the Champion of Okawaru.
             Splashed by a caustic shrike's acid (10 damage)
             ... on level 3 of the Depths on Mar 27, 2019.
             The game lasted 03:20:32 (38019 turns).

eskel the Impregnable (Minotaur Fighter)           Turns: 38019, Time: 03:20:33

Health: -2/191     AC: 29    Str: 32    XL:     22   Next: 56%
Magic:  28/28      EV: 21    Int:  9    God:    Okawaru [******]
Gold:   2047       SH: 30    Dex: 11    Spells: 21/21 levels left

rFire    . . .     SeeInvis .   Q - +4 broad axe (vamp)
rCold    + . .     Gourm    .   c - +3 large shield {AC+3}
rNeg     + + .     Faith    .   u - +8 plate armour "Urinid" {rC+ rN++ Regen+ Dex-3}
rPois    +         Spirit   .   T - +2 hat {MR+}
rElec    .         Reflect  +   k - +1 cloak "Hibb" {rPois Int+2}
rCorr    .         Harm     .   X - +2 pair of gloves {archery}
MR       ++...                  b - +0 pair of boots
Stlth    ..........             a - +3 amulet of reflection
HPRegen  0.81/turn              y - ring of Phasing {EV+8}
MPRegen  0.21/turn              q - +5 ring of strength

@: corroded
A: retaliatory headbutt, horns 2, clever 1, frail 1
}: 2/15 runes: serpentine, barnacled
a: Heroism, Finesse, Renounce Religion


You were on level 3 of the Depths.
You worshipped Okawaru.
Okawaru was exalted by your worship.
You were not hungry.

You visited 8 branches of the dungeon, and saw 39 of its levels.
You also visited: Ice Cave and Wizlab.

You collected 3951 gold pieces.
You spent 1904 gold pieces at shops.

Inventory:

Hand Weapons
 C - the +6 broad axe of Integrity {flame, Int+4}
   (Okawaru gifted it to you on level 2 of the Vaults)

   It has been specially enchanted to burn those struck by it, causing extra
   injury to most foes and up to half again as much damage against particularly
   susceptible opponents.
   Big, fiery blades are also staple armaments of hydra-hunters.
   It affects your intelligence (+4).
 Q - a +4 vampiric broad axe (weapon)
Missiles
 g - 6 throwing nets
 w - 6 poisoned javelins
 E - 2 steel javelins
 H - 13 exploding tomahawks
 J - 45 tomahawks (quivered)
 R - 33 silver javelins
 W - 23 javelins of penetration
Armour
 b - a +0 pair of boots (worn)
 c - a +3 large shield of protection (worn)
 k - the +1 cloak "Hibb" (worn) {rPois Int+2}
   (You found it in a wizard's laboratory)

   It affects your intelligence (+2).
   It protects you from poison.
 u - the +8 plate armour "Urinid" (worn) {rC+ rN++ Regen+ Dex-3}
   (You found it on level 9 of the Dungeon)

   It affects your dexterity (-3).
   It protects you from cold.
   It greatly protects you from negative energy.
   It increases your rate of regeneration.
 T - a +2 hat of magic resistance (worn)
 V - the +6 fire dragon scales of Bedevilment {rF++ rC- MR- Int+4 Dex+2 Slay+5}
   (Okawaru gifted it to you on level 1 of the Vaults)

   It affects your intelligence (+4).
   It affects your dexterity (+2).
   It affects your accuracy and damage with ranged weapons and melee attacks
   (+5).
   It greatly protects you from fire.
   It makes you vulnerable to cold.
   It affects your resistance to hostile enchantments.
 X - a +2 pair of gloves of archery (worn)
Jewellery
 a - a +3 amulet of reflection (around neck)
 q - a +5 ring of strength (right hand)
 r - an uncursed ring of fire
 y - the ring of Phasing (left hand) {EV+8}
   (You bought it in a shop on level 2 of the Orcish Mines)

   [ring of evasion]

   It affects your evasion (+8).
Wands
 l - a wand of acid (17)
 s - a wand of iceblast (31)
 x - a wand of scattershot (2)
 A - a wand of clouds (2)
 N - a wand of digging (7)
 U - a wand of paralysis (20)
Scrolls
 e - 20 scrolls of remove curse
 i - a scroll of silence
 j - 3 scrolls of blinking
 m - 6 scrolls of fear
 n - 11 scrolls of teleportation
 D - 2 scrolls of holy word
 I - a scroll of summoning
 L - a scroll of fog
 O - 12 scrolls of identify
 S - 4 scrolls of magic mapping
Potions
 d - 9 potions of might
 h - a potion of resistance
 o - 3 potions of haste
 p - 3 potions of brilliance
 v - 7 potions of curing
 z - 7 potions of heal wounds
 F - a potion of ambrosia
 G - 2 potions of invisibility
 K - 3 potions of agility
 M - 5 potions of cancellation
 Y - 6 potions of mutation
 Z - a potion of flight
Miscellaneous
 P - 2 phantom mirrors
Comestibles
 f - 66 rations
 t - 9 chunks of flesh


   Skills:
 - Level 21.3 Fighting
 - Level 18.0 Axes
 + Level 19.1 Throwing
 - Level 21.3 Armour
 - Level 12.0 Dodging
 * Level 19.2 Shields
 - Level 10.0 Invocations


You had 21 spell levels left.
You didn't know any spells.
Your spell library contained the following spells:

 Spells                   Type           Power        Failure   Level  Hunger
 Animate Skeleton         Necr           N/A          96%         1    ##.....
 Apportation              Tloc           #.....       96%         1    ##.....
 Confusing Touch          Hex            #.....       96%         1    ##.....
 Corona                   Hex            #......      96%         1    ##.....
 Magic Dart               Conj           #...         96%         1    ##.....
 Pain                     Necr           #...         96%         1    ##.....
 Sting                    Conj/Pois      #...         96%         1    ##.....
 Summon Small Mammal      Summ           #...         96%         1    ##.....
 Blink                    Tloc           N/A          99%         2    ###....
 Call Imp                 Summ           #.......     99%         2    ###....
 Corpse Rot               Necr           N/A          99%         2    ###....
 Ensorcelled Hibernation  Hex/Ice        #.....       99%         2    ###....
 Poisonous Vapours        Pois/Air       #.....       99%         2    ###....
 Slow                     Hex            #.......     99%         2    ###....
 Sublimation of Blood     Necr           #.........   99%         2    ###....
 Call Canine Familiar     Summ           #.......     100%        3    ####...
 Confuse                  Hex            #.......     100%        3    ####...
 Conjure Flame            Conj/Fire      #.......     100%        3    ####...
 Dazzling Spray           Conj/Hex       #.....       100%        3    ####...
 Mephitic Cloud           Conj/Pois/Air  #.......     100%        3    ####...
 Regeneration             Chrm/Necr      #.........   100%        3    ####...
 Stone Arrow              Conj/Erth      #.....       100%        3    ####...
 Tukima's Dance           Hex            #.......     100%        3    ####...
 Vampiric Draining        Necr           #.........   100%        3    ####...
 Animate Dead             Necr           N/A          100%        4    #####..
 Leda's Liquefaction      Hex/Erth       #.........   100%        4    #####..
 Olgreb's Toxic Radiance  Pois           #.......     100%        4    #####..
 Petrify                  Tmut/Erth      #.......     100%        4    #####..
 Summon Lightning Spire   Summ/Air       #.......     100%        4    #####..
 Agony                    Necr           #.......     100%        5    ######.
 Bolt of Draining         Conj/Necr      #.........   100%        5    ######.
 Bolt of Magma            Conj/Fire/Erth #.........   100%        5    ######.
 Borgnjor's Vile Clutch   Necr/Erth      #.........   100%        5    ######.
 Dispel Undead            Necr           #.......     100%        5    ######.
 Excruciating Wounds      Chrm/Necr      #.........   100%        5    ######.
 Irradiate                Conj/Tmut      #.........   100%        5    ######.
 Iskenderun's Battlesphe  Conj/Chrm      #.......     100%        5    ######.
 Silence                  Hex/Air        #.........   100%        5    ######.
 Summon Demon             Summ           #.........   100%        5    ######.
 Summon Forest            Summ/Tloc      #.........   100%        5    ######.
 Venom Bolt               Conj/Pois      #.........   100%        5    ######.
 Darkness                 Hex            #.........   100%        6    #######
 Hydra Form               Tmut           #.........   100%        6    #######
 Iron Shot                Conj/Erth      #.........   100%        6    #######
 Shadow Creatures         Summ           N/A          100%        6    #######
 Statue Form              Tmut/Erth      #........    100%        6    #######
 Dragon Form              Tmut           #.........   100%        7    #######
 Orb of Destruction       Conj           #.........   100%        7    #######
 Spellforged Servitor     Conj/Summ      #.........   100%        7    #######
 Summon Hydra             Summ           #.........   100%        7    #######
 Dragon's Call            Summ           #.........   100%        9    #######


Dungeon Overview and Level Annotations

Branches:
Dungeon (15/15)            Temple (1/1) D:7            Lair (6/6) D:8
 Shoals (4/4) Lair:2        Snake (4/4) Lair:2        Slime (0/5) Lair:5
    Orc (2/2) D:10            Elf (0/3) Orc:2        Vaults (4/5) D:14
  Crypt (0/3) Vaults:3     Depths (3/5) D:15

Altars:
Ashenzari
Cheibriados
Dithmenos
Elyvilon
Fedhas
Gozag
Hepliaklqana
Kikubaaqudgha
Makhleb
Nemelex Xobeh
Okawaru
Qazlal
Ru
Sif Muna
Trog
Uskayaw
Vehumet
Wu Jian
Xom
Yredelemnul
Zin
The Shining One
Beogh

Shops:
D:6 *   D:7 (   D:8 =   D:10 *?   D:11 %   D:13 :   D:15 }   Orc:2 ([=*
Vaults:2 !

Portals:
Hell: Depths:1 Depths:2 Depths:3
Abyss: Depths:3
Pandemonium: Depths:3
Ziggurat: Depths:3
Trove: D:11 (give 8 potions of haste)

Annotations:
Lair:4 3 runed translucent doors, grocchini's ghost, journeyman KoBe
Shoals:3 exclusion: Roxanne, Roxanne
Vaults:2 2 runed translucent doors, casual's ghost, veteran MiMo
Vaults:4 3 runed translucent doors, Bidatih's ghost, adept MiBe


Innate Abilities, Weirdness & Mutations

You reflexively headbutt those who attack you in melee.
You have a pair of horns on your head.
Your mind is acute. (Int +2)
You are frail. (-10% HP)


Message History

You headbutt the caustic shrike, but do no damage.
The caustic shrike is lightly wounded.
You closely miss the caustic shrike. You slash the caustic shrike!
You feel better. The caustic shrike claws you!!
You are splashed with acid!
* * * LOW HITPOINT WARNING * * *
The caustic shrike claws you.
* * * LOW HITPOINT WARNING * * *
The acid corrodes you!
You are splashed with acid!
* * * LOW HITPOINT WARNING * * *
You block the caustic shrike's attack. You block the fire giant's attack.
The caustic shrike claws you!
* * * LOW HITPOINT WARNING * * *
You are splashed with acid!
* * * LOW HITPOINT WARNING * * *
The caustic shrike completely misses you.
You furiously retaliate!
You headbutt the caustic shrike! The caustic shrike claws you!
* * * LOW HITPOINT WARNING * * *
The acid corrodes you!
You are splashed with acid!
You die...

.##.##...=.......##...........##)
.#.##.......#++#########.......##
#.###.....###..........###.....##
.###''..###.#...)≈≈....#.###..''#
##..''###...''..≈.8≈..''bb.###''[
#....###.....#........#.b...###..
.....##.##...#######''#...##.##.[
....##.#⌠..###...##i..###..⌠ .##.
§≈..#..#..##....@bCDi...##..# .#.
§..##....###..(8bbCi8...# #... ##
8..#....###''....##LC..'' #... #
≈.###'..#..''##### ''##'' ..+ #
..#..'###.(.## .# . ..#....#....#
.D ..#....#....# .. ..#....#....#
..# '##..8.##''##


You could see an iron dragon, 3 caustic shrikes, a frost giant, 2 fire giants, a
lich, a spriggan defender, a spriggan rider and a spriggan air mage.

Vanquished Creatures
  Mennas (Vaults:3)
  Sojobo (Depths:2)
  Frederick (Depths:3)
  Vashnia (Snake:3)
  Saint Roka (Depths:2)
  3 caustic shrikes
  A Hellbinder (WizLab)
  A bone dragon (Vaults:3)
  Rupert (D:14)
  Jorgrun (Snake:2)
  4 liches
  Agnes (Snake:3)
  3 sphinxes
  4 tengu reavers
  6 nagarajas (Snake:4)
  10 vault wardens
  5 fire giants
  2 deep elf sorcerers (Vaults:1)
  3 frost giants
  2 orc warlords
  2 cacodemons (WizLab)
  Aizul (Snake:1)
  A deep elf elementalist (Depths:2)
  2 balrugs (WizLab)
  12 ironheart preservers
  2 entropy weavers (Vaults:3)
  14 stone giants
  12 very ugly things
  2 vampire knights
  A blood saint (WizLab)
  Nessos (D:14)
  A lorocyproca (WizLab)
  A deep elf annihilator (Vaults:1)
  3 spark wasps (Depths:3)
  6 dire elephants (Lair:6)
  3 merfolk javelineers (Shoals:4)
  6 ettins
  9 merfolk impalers
  9 fire dragons
  2 green deaths (WizLab)
  17 naga warriors
  13 ogre magi
  A spriggan air mage (Depths:2)
  8 ice dragons
  9 yaktaur captains
  6 great orbs of eyes
  8 hydras
  12 centaur warriors
  6 merfolk avatars
  2 merfolk aquamancers (Shoals:4)
  12 anacondas
  5 rakshasas
  A death knight (Vaults:2)
  A catoblepas (D:13)
  34 two-headed ogres
  Erica (D:8)
  10 deep troll shamans
  3 satyrs
  An alligator (Lair:6)
  5 deep troll earth magi
  3 tengu warriors
  A shock serpent (shapeshifter) (Vaults:1)
  6 spriggan berserkers
  3 deep elf knights (Vaults:2)
  9 shock serpents
  5 orc high priests
  10 naga sharpshooters
  2 sun demons (WizLab)
  2 iron trolls (Depths:1)
  A sixfirhy (WizLab)
  3 fire crabs
  2 salamander mystics
  9 skeletal warriors
  A fire crab (shapeshifter) (D:15)
  10 sea snakes
  16 deep trolls
  2 glowing orange brains
  5 unseen horrors
  6 naga ritualists
  2 shadow demons (WizLab)
  2 flayed ghosts
  7 wizards
  3 deep elf archers
  A harpy (shapeshifter) (D:14)
  3 phantasmal warriors
  17 ironbrand convokers
  8 mana vipers
  8 orc knights
  14 harpies
  3 necromancers
  4 deep elf magi
  6 orc sorcerers
  43 ugly things
  6 wolf spiders
  18 manticores
  8 fauns (Shoals:3)
  A stone giant zombie (Vaults:3)
  2 rust devils (WizLab)
  10 merfolk sirens
  11 cyclopes
  8 vault sentinels
  8 salamanders
  A centaur zombie (D:12)
  A torpor snail (Lair:5)
  4 water nymphs
  6 spiny frogs
  28 black mambas
  23 naga magi
  4 molten gargoyles (D:10)
  24 elephants
  3 smoke demons
  A stone giant skeleton (Vaults:3)
  4 guardian serpents
  3 gargoyles
  44 yaktaurs
  3 rime drakes
  2 human zombies (Vaults:1)
  4 tormentors (WizLab)
  A kobold demonologist (D:11)
  4 komodo dragons
  6 orange demons (WizLab)
  A tengu conjurer (Depths:2)
  11 freezing wraiths
  2 efreet
  6 ice devils
  A hellwing (Depths:1)
  A queen bee (Lair:1)
  3 red devils
  13 trolls
  2 meliai (shapeshifter)
  21 merfolk
  2 queen bees (shapeshifter)
  A harpy zombie (D:14)
  3 meliai (D:15)
  2 polar bears
  2 wind drakes
  5 hornets
  A hornet (shapeshifter) (Depths:2)
  27 slime creatures
  12 snapping turtles
  12 hippogriffs
  18 dream sheep
  15 blink frogs
  2 spriggans
  A ynoxinul (WizLab)
  A redback (Vaults:3)
  10 water elementals
  A yak (shapeshifter) (D:14)
  2 basilisks
  A spriggan (shapeshifter) (Vaults:3)
  3 wyverns
  2 tarantellas (Vaults:3)
  A hog (shapeshifter) (Depths:3)
  16 humans (D:14)
  35 yaks
  The ghost of DungeonDestroyer the Charmwright, an amateur GnSk (D:6)
  2 fire bats (Shoals:1)
  A human (shapeshifter) (Vaults:1)
  2 chaos spawn (WizLab)
  A steam dragon (shapeshifter) (Depths:2)
  2 vampire mosquitoes (D:15)
  3 hungry ghosts
  A warg (shapeshifter) (Vaults:4)
  2 acid dragons (Vaults:2)
  17 water moccasins
  10 wargs
  71 nagas
  A floating eye (Depths:2)
  20 porcupines
  A deep troll zombie (Vaults:3)
  A porcupine (shapeshifter) (Depths:2)
  A soldier ant (shapeshifter) (D:15)
  47 orc warriors
  A swamp drake (D:10)
  6 sky beasts
  An eye of draining (D:15)
  5 ice beasts
  2 black bears (Lair:4)
  5 phantoms
  A hornet zombie (D:11)
  53 ogres
  11 wolves
  23 boggarts
  17 crocodiles
  3 centaurs
  2 big kobolds (D:11)
  24 bullfrogs
  A deep troll simulacrum (Vaults:1)
  2 human skeletons
  A wyvern zombie (D:12)
  2 water moccasin skeletons
  3 scorpions
  30 killer bees
  5 howler monkeys
  7 wights
  2 electric eels (Lair:1)
  12 crimson imps
  A bullfrog zombie (D:9)
  5 bullfrog skeletons
  3 centaur skeletons
  19 orc priests
  5 hounds
  2 quasits
  5 jellies
  36 orc wizards
  4 iguanas
  Natasha (twice) (D:2)
  8 worker ants
  A hound zombie (D:9)
  A hound skeleton (D:4)
  2 worker ant zombies (D:6)
  12 gnolls
  21 adders
  4 shadow imps
  An ooze (D:5)
  An adder skeleton (D:9)
  2 worms
  2 dart slugs
  4 leopard geckos
  104 orcs
  A ball python (D:2)
  7 bats
  6 giant cockroaches
  6 goblins
  6 hobgoblins
  6 jackals
  7 quokkas
  8 frilled lizards
  2 gnoll zombies (D:3)
  A jackal skeleton (D:6)
  15 kobolds
  A leopard gecko zombie (D:8)
  A quokka skeleton (D:5)
  A quokka zombie (D:8)
  4 rats
  4 fungi
  7 plants
1719 creatures vanquished.

Vanquished Creatures (others)
  A fire giant (Depths:2)
  3 stone giants
  A yaktaur captain (Vaults:4)
  3 naga sharpshooters
  A deep elf knight (Vaults:2)
  A phantasmal warrior (Depths:3)
  A manticore (Shoals:4)
  A black mamba (Snake:4)
  15 yaktaurs
  A merfolk (Shoals:3)
  A naga (Snake:4)
  2 orc warriors
  A boggart (Depths:3)
  A centaur (D:15)
  A wyvern zombie (D:13)
  An orc priest (Orc:1)
  An orc (Depths:2)
  5 fungi
  18 plants
59 creatures vanquished.

Grand Total: 1778 creatures vanquished

Notes
Turn   | Place    | Note
-------+----------+-------------------------------------------
     0 | D:1      | eskel the Minotaur Fighter began the quest for the Orb.
     0 | D:1      | Reached XP level 1. HP: 19/19 MP: 0/0
    47 | D:1      | Found a shimmering altar of Xom.
    57 | D:1      | Reached XP level 2. HP: 23/26 MP: 1/1
   179 | D:2      | Found a sacrificial altar of Ru.
   222 | D:2      | Noticed Natasha
   229 | D:2      | Killed Natasha
   229 | D:2      | Reached XP level 3. HP: 19/31 MP: 2/2
   462 | D:2      | Reached skill level 5 in Axes
   467 | D:2      | Reached XP level 4. HP: 34/39 MP: 3/3
   515 | D:2      | Noticed Natasha
   519 | D:2      | Killed Natasha
   693 | D:2      | Reached XP level 5. HP: 28/45 MP: 4/4
   945 | D:3      | Found a glowing golden altar of the Shining One.
  1160 | D:3      | Found a basalt altar of Yredelemnul.
  1655 | D:5      | Entered Level 5 of the Dungeon
  1680 | D:5      | Noticed an ogre
  1694 | D:5      | Killed an ogre
  1694 | D:5      | Reached XP level 6. HP: 26/51 MP: 5/5
  1856 | D:5      | Noticed a sky beast
  1858 | D:5      | Killed a sky beast
  1993 | D:5      | Reached XP level 7. HP: 52/57 MP: 6/6
  2127 | D:5      | Reached skill level 10 in Axes
  2510 | D:6      | Found a shadowy altar of Dithmenos.
  2569 | D:6      | Reached skill level 5 in Fighting
  2569 | D:6      | Reached skill level 5 in Armour
  2569 | D:6      | Reached XP level 8. HP: 22/68 MP: 7/7
  2746 | D:6      | Found a runed translucent door.
  2753 | D:6      | Noticed DungeonDestroyer's ghost (amateur GnSk)
  2772 | D:6      | Killed DungeonDestroyer's ghost
  3019 | D:6      | Reached skill level 5 in Shields
  3101 | D:6      | You fall through a shaft for 3 floors!
  3170 | D:7      | Reached XP level 9. HP: 28/79 MP: 8/8
  4262 | D:8      | Found a staircase to the Lair.
  4262 | D:8      | Noticed a komodo dragon
  4289 | D:8      | Killed a komodo dragon
  4589 | D:8      | Noticed Erica
  4611 | D:8      | Killed Erica
  4866 | D:8      | Reached XP level 10. HP: 73/88 MP: 9/9
  4924 | D:8      | Found a bloodstained altar of Trog.
  4933 | D:8      | Found Nab Xura's Jewellery Shoppe.
  5960 | D:6      | Found Betuss's Assorted Antiques.
  6293 | D:7      | Found Feigu's Weapon Shoppe.
  6303 | D:7      | Found a staircase to the Ecumenical Temple.
  6312 | Temple   | Entered the Ecumenical Temple
  6319 | Temple   | Became a worshipper of Warmaster Okawaru
  6469 | D:9      | Got a jacinth-encrusted plate armour
  7200 | D:9      | Reached * piety under Okawaru
  7426 | D:9      | Reached skill level 1 in Invocations
  7674 | Lair:1   | Entered Level 1 of the Lair of Beasts
  7674 | Lair:1   | Noticed a spiny frog
  7686 | Lair:1   | Killed a spiny frog
  7686 | Lair:1   | Reached skill level 1 in Throwing
  7827 | Lair:1   | Reached ** piety under Okawaru
  7893 | Lair:1   | Noticed a spiny frog
  7903 | Lair:1   | Reached XP level 11. HP: 71/97 MP: 8/11
  7984 | Lair:1   | Reached *** piety under Okawaru
  8339 | Lair:1   | Reached skill level 10 in Fighting
  8341 | Lair:1   | Reached skill level 10 in Armour
  8357 | Lair:1   | Reached **** piety under Okawaru
  9298 | Lair:2   | Found a staircase to the Shoals.
  9604 | Lair:2   | Found a frozen archway.
  9612 | Lair:2   | Reached skill level 15 in Axes
  9625 | IceCv    | Entered an ice cave
  9730 | Lair:2   | Found a staircase to the Snake Pit.
 10137 | Lair:3   | Reached ***** piety under Okawaru
 10163 | Lair:3   | Reached XP level 12. HP: 67/106 MP: 11/13
 10197 | Lair:3   | Noticed a five-headed hydra
 10215 | Lair:3   | Killed a five-headed hydra
 10215 | Lair:3   | Received a gift from Okawaru
 10399 | Lair:3   | Identified a scroll of acquirement
 10413 | Lair:3   | Reached skill level 5 in Throwing
 10625 | Lair:3   | Noticed a four-headed hydra
 10639 | Lair:3   | Killed a four-headed hydra
 10764 | Lair:3   | Identified the +8 plate armour "Urinid" {rC+ rN++ Regen+
                  | Dex-3} (You found it on level 9 of the Dungeon)
 10788 | Lair:4   | Noticed an eight-headed hydra
 10790 | Lair:4   | Noticed grocchini's ghost (journeyman KoBe)
 10827 | Lair:4   | Received a gift from Okawaru
 10915 | Lair:4   | You fall through a shaft for 2 floors!
 10915 | Lair:6   | Entered Level 6 of the Lair of Beasts
 10949 | Lair:6   | Noticed a seven-headed hydra
 10973 | Lair:5   | Reached ****** piety under Okawaru
 10977 | Lair:5   | Received a gift from Okawaru
 10996 | Lair:5   | Reached skill level 10 in Throwing
 11118 | Lair:5   | Received a gift from Okawaru
 11181 | Lair:5   | Received a gift from Okawaru
 11181 | Lair:5   | Reached XP level 13. HP: 95/114 MP: 12/14
 11246 | Lair:5   | Received a gift from Okawaru
 11247 | Lair:5   | Found a staircase to the Slime Pits.
 11417 | Lair:5   | Received a gift from Okawaru
 11619 | Lair:5   | Received a gift from Okawaru
 11809 | Lair:6   | Received a gift from Okawaru
 11887 | Lair:6   | Received a gift from Okawaru
 12003 | Lair:6   | Got a faintly glowing executioner's axe
 12009 | Lair:6   | Identified the +1 executioner's axe of the Rat {flame,
                  | *Noise rElec Str-2 Stlth+} (You acquired it on level 6 of
                  | the Lair of Beasts)
 12045 | Lair:6   | Received a gift from Okawaru
 12475 | Lair:6   | Received a gift from Okawaru
 12476 | Lair:6   | Found the +8 Wrath of Trog {antimagic, *Rage}
 12630 | Lair:6   | Noticed a dire elephant
 12630 | Lair:6   | Noticed a dire elephant
 12640 | Lair:6   | Killed a dire elephant
 12666 | Lair:6   | Killed a dire elephant
 12780 | Lair:6   | Noticed a dire elephant
 12791 | Lair:6   | Killed a dire elephant
 12791 | Lair:6   | Reached XP level 14. HP: 129/129 MP: 2/15
 12922 | Lair:4   | Received a gift from Okawaru
 13082 | Lair:4   | Found a runed translucent gate.
 13083 | Lair:4   | Found a runed translucent gate.
 13083 | Lair:4   | Found a runed translucent gate.
 13184 | Lair:4   | Got a bloodstained scale mail
 13206 | Lair:4   | Identified the +3 scale mail of Reason {rF+} (You found it
                  | on level 4 of the Lair of Beasts)
 13489 | D:10     | Entered Level 10 of the Dungeon
 13624 | D:10     | Found Ikimaejy's Magic Scroll Emporium.
 13650 | D:10     | Bought a scroll of enchant weapon for 112 gold pieces
 13656 | D:10     | Found Qomau's Assorted Antiques.
 13931 | D:10     | Found a staircase to the Orcish Mines.
 14304 | Orc:1    | Entered Level 1 of the Orcish Mines
 14404 | Orc:2    | Entered Level 2 of the Orcish Mines
 14421 | Orc:2    | Reached skill level 15 in Fighting
 14525 | Orc:2    | Found a roughly hewn altar of Beogh.
 14581 | Orc:2    | Found Waitt's General Store.
 14588 | Orc:2    | Reached skill level 15 in Armour
 14788 | Orc:2    | Found Biydeic's Jewellery Boutique.
 14844 | Orc:2    | Noticed an orc warlord
 14868 | Orc:2    | Killed an orc warlord
 14873 | Orc:2    | Found Aqab's Antique Armour Shoppe.
 15097 | Orc:2    | Found Axirgh's Antique Weapon Boutique.
 15125 | Orc:2    | Found a staircase to the Elven Halls.
 15132 | Orc:2    | Noticed a stone giant
 15146 | Orc:2    | Killed a stone giant
 15153 | Orc:2    | Found a roughly hewn altar of Beogh.
 15237 | Orc:2    | Bought the ring of Phasing {EV+8} for 1792 gold pieces
 15237 | Orc:2    | Found the ring of Phasing {EV+8}
 15265 | Orc:1    | Noticed an orc warlord
 15495 | D:11     | Found Dutticabbu's Food Boutique.
 15511 | D:11     | Found a portal to a secret trove of treasure.
 16309 | D:11     | Received a gift from Okawaru
 16606 | D:12     | Received a gift from Okawaru
 16609 | D:12     | Got an encrusted demon blade {god gift}
 16757 | D:12     | Identified the +3 demon blade of Domination {drain, rN++}
                  | (Okawaru gifted it to you on level 12 of the Dungeon)
 16873 | D:12     | Reached XP level 15. HP: 145/145 MP: 16/16
 17070 | D:13     | Found Qyboim's Book Shop.
 18040 | D:14     | Found a gate to the Vaults.
 18040 | D:14     | Noticed Nessos
 18040 | D:14     | Noticed Rupert
 18231 | Orc:1    | Received a gift from Okawaru
 18239 | Orc:1    | Killed an orc warlord
 18704 | Snake:1  | Entered Level 1 of the Snake Pit
 18781 | Snake:1  | Noticed Aizul
 18802 | Snake:1  | Killed Aizul
 19080 | Snake:1  | Reached skill level 20 in Fighting
 19718 | Snake:2  | Reached skill level 5 in Invocations
 19766 | Snake:2  | Received a gift from Okawaru
 20406 | Snake:2  | Noticed Jorgrun
 20418 | Snake:2  | Killed Jorgrun
 20633 | Snake:2  | Reached XP level 16. HP: 159/162 MP: 19/21
 20747 | Snake:3  | Noticed Vashnia
 20750 | Snake:3  | Reached skill level 1 in Dodging
 20766 | Snake:3  | Killed Vashnia
 20966 | Snake:3  | Noticed Agnes
 20978 | Snake:3  | Killed Agnes
 21169 | Snake:3  | Found a hazy altar of Hepliaklqana.
 21194 | Snake:3  | Reached skill level 10 in Invocations
 21301 | Snake:3  | Received a gift from Okawaru
 21337 | Snake:3  | Reached skill level 5 in Dodging
 21352 | Snake:3  | Received a gift from Okawaru
 21416 | Snake:4  | Entered Level 4 of the Snake Pit
 21457 | Snake:4  | Found a snail-covered altar of Cheibriados.
 21796 | Snake:4  | HP: 16/162 [poisoned by a naga ritualist]
 22607 | Snake:4  | Received a gift from Okawaru
 22676 | Snake:4  | Reached XP level 17. HP: 156/170 MP: 23/23
 23061 | Snake:4  | Received a gift from Okawaru
 23329 | Snake:4  | Got a serpentine rune of Zot
 23637 | Shoals:1 | Entered Level 1 of the Shoals
 23905 | Shoals:1 | Received a gift from Okawaru
 24238 | Shoals:2 | Reached skill level 15 in Throwing
 24453 | Shoals:3 | Identified Roxanne's Grimoire of Shape Shifting
 24453 | Shoals:3 | Noticed Roxanne
 24871 | Shoals:4 | Entered Level 4 of the Shoals
 25127 | Shoals:4 | Received a gift from Okawaru
 25147 | Shoals:4 | Got a crude war axe {god gift}
 25162 | Shoals:4 | Got a barnacled rune of Zot
 25314 | Shoals:4 | Reached XP level 18. HP: 143/178 MP: 24/24
 25665 | Shoals:4 | Identified the +2 war axe "Semuick" {elec, rF+ Stlth+}
                  | (Okawaru gifted it to you on level 4 of the Shoals)
 25672 | Shoals:4 | Got a vibrating bone ring
 25673 | Shoals:4 | Identified the ring "Oddun" {Wiz rN+} (You found it on
                  | level 4 of the Shoals)
 26157 | D:14     | Killed Rupert
 26157 | D:14     | Received a gift from Okawaru
 26157 | D:14     | Reached skill level 10 in Shields
 26181 | D:14     | Killed Nessos
 26349 | D:14     | Received a gift from Okawaru
 26352 | D:14     | Got an encrusted cloak {god gift}
 26363 | D:14     | Identified the +1 cloak "Necuk" {Dex+4} (Okawaru gifted it
                  | to you on level 14 of the Dungeon)
 26928 | D:15     | Entered Level 15 of the Dungeon
 27040 | D:15     | Found Vihiary's Gadget Emporium.
 27267 | D:15     | Identified the Compendium of Shifting Companions
 27330 | D:15     | Found a staircase to the Depths.
 27584 | Vaults:1 | Entered Level 1 of the Vaults
 27916 | Vaults:1 | Reached skill level 15 in Shields
 27985 | Vaults:1 | Received a gift from Okawaru
 27996 | Vaults:1 | Got twisted fire dragon scales {god gift}
 27999 | Vaults:1 | Identified the +6 fire dragon scales of Bedevilment {rF++
                  | rC- MR- Int+4 Dex+2 Slay+5} (Okawaru gifted it to you on
                  | level 1 of the Vaults)
 28104 | Vaults:1 | Reached XP level 19. HP: 175/185 MP: 25/25
 29120 | Vaults:2 | Received a gift from Okawaru
 29280 | Vaults:2 | Received a gift from Okawaru
 29547 | Vaults:2 | Found a large runed translucent door.
 29547 | Vaults:2 | Found a large runed translucent door.
 29547 | Vaults:2 | Noticed casual's ghost (veteran MiMo)
 29850 | Vaults:2 | Received a gift from Okawaru
 29875 | Vaults:2 | Found Mehumak's Distillery.
 30335 | Vaults:2 | Received a gift from Okawaru
 30340 | Vaults:2 | Identified the +6 broad axe of Integrity {flame, Int+4}
                  | (Okawaru gifted it to you on level 2 of the Vaults)
 30582 | Vaults:3 | Reached skill level 20 in Armour
 30683 | Vaults:3 | Reached XP level 20. HP: 193/193 MP: 26/26
 30938 | Vaults:3 | Received a gift from Okawaru
 31054 | Vaults:3 | Reached skill level 10 in Dodging
 31519 | Vaults:3 | Noticed Mennas
 31583 | Vaults:3 | Killed Mennas
 31651 | Vaults:3 | Noticed a bone dragon
 31653 | Vaults:3 | Found a staircase to the Crypt.
 31666 | Vaults:3 | Killed a bone dragon
 31944 | Vaults:4 | Found a magical portal.
 31960 | WizLab   | Entered The Hall of the Hellbinder
 32476 | WizLab   | Gained mutation: You are frail. (-10% HP) [a cacodemon]
 32489 | WizLab   | Gained mutation: Your mind is acute. (Int +2) [a cacodemon]
 32494 | WizLab   | Received a gift from Okawaru
 32539 | WizLab   | Noticed Ufuzeog
 32547 | WizLab   | Found a burning altar of Makhleb.
 32551 | WizLab   | Killed Ufuzeog the Hellbinder
 32580 | WizLab   | Got a jewelled cloak
 32591 | WizLab   | Identified the +1 cloak "Hibb" {rPois Int+2} (You found it
                  | in a wizard's laboratory)
 32611 | WizLab   | Identified the Tome of Creation
 32698 | Vaults:4 | Received a gift from Okawaru
 32921 | Vaults:4 | Received a gift from Okawaru
 33461 | Vaults:4 | Found a runed translucent gate.
 33461 | Vaults:4 | Found a runed translucent gate.
 33461 | Vaults:4 | Found a runed translucent gate.
 33645 | Vaults:4 | Reached XP level 21. HP: 139/182 MP: 27/27
 33821 | Vaults:4 | Noticed Bidatih's ghost (adept MiBe)
 34005 | Depths:1 | Entered Level 1 of the Depths
 34102 | Depths:1 | Received a gift from Okawaru
 34644 | Depths:1 | Found a gateway to Hell.
 35117 | Depths:2 | Noticed Saint Roka
 35121 | Depths:2 | Received a gift from Okawaru
 35128 | Depths:2 | Killed Saint Roka
 35344 | Depths:2 | Noticed a caustic shrike
 35358 | Depths:2 | Noticed Sojobo
 35359 | Depths:2 | Killed a caustic shrike
 35361 | Depths:2 | HP: 18/183 [spriggan air mage/bolt of lightning (36)]
 35375 | Depths:2 | HP: 2/183 [Sojobo/the air (24)]
 35630 | Depths:2 | Killed Sojobo
 35630 | Depths:2 | Received a gift from Okawaru
 35719 | Depths:2 | Identified a cursed ring of Mydum {rN+ Str+3 Slay-2}
 35750 | Depths:2 | Received a gift from Okawaru
 35986 | Depths:2 | Reached XP level 22. HP: 76/191 MP: 28/28
 36195 | Depths:2 | Found a basalt altar of Yredelemnul.
 36852 | Depths:3 | Noticed Frederick
 36862 | Depths:3 | Killed Frederick
 37048 | Depths:3 | Found a gateway to a ziggurat.
 37058 | Depths:3 | Received a gift from Okawaru
 37205 | Depths:3 | Found a one-way gate to the infinite horrors of the Abyss.
 37261 | Depths:3 | Found a one-way gate leading to the halls of Pandemonium.
 37575 | Depths:3 | Paralysed by a vampire knight for 3 turns
 37912 | Depths:3 | Noticed a caustic shrike
 37914 | Depths:3 | Noticed a caustic shrike
 37914 | Depths:3 | Noticed a caustic shrike
 37916 | Depths:3 | Noticed a caustic shrike
 37916 | Depths:3 | Noticed a caustic shrike
 37968 | Depths:3 | Received a gift from Okawaru
 38001 | Depths:3 | Identified the +5 halberd of the Gloaming {venom, Int+3}
 38013 | Depths:3 | Killed a caustic shrike
 38014 | Depths:3 | Killed a caustic shrike
 38019 | Depths:3 | HP: 8/191 [caustic shrike (15)]
 38019 | Depths:3 | Splashed by a caustic shrike's acid

Skill      XL: |  1  2  3  4  5  6  7  8  9 10 11 12 13 14 15 16 17 18 19 20 21 22 |
---------------+-------------------------------------------------------------------+-----
Axes           | 3 4 5 6 8 9 10 11 13 16 17 18 | 18.0
Fighting       | 5 7 8 9 10 13 16 20 21 | 21.3
Armour         | 5 7 8 9 10 13 15 20 21 | 21.3
Shields        | 6 8 9 15 17 19 | 19.2
Invocations    | 2 3 8 10 | 10.0
Throwing       | 1 2 10 12 16 17 18 19 | 19.1
Dodging        | 7 12 | 12.0

Action                   |  1- 3 |  4- 6 |  7- 9 | 10-12 | 13-15 | 16-18 | 19-21 | 22-24 || total
-------------------------+-------+-------+-------+-------+-------+-------+-------+-------++-------
Melee: War axe           |    50 |   100 |   254 |   678 |   239 |       |       |       ||  1321
       Headbutt          |     6 |    10 |    41 |   154 |   336 |   426 |   417 |   101 ||  1491
       Battleaxe         |       |       |       |       |    58 |       |       |       ||    58
       Broad axe         |       |       |       |       |   953 |  1450 |  1321 |   311 ||  4035
 Fire: Hunting sling     |       |     3 |     7 |    18 |       |       |       |       ||    28
Throw: Javelin           |       |       |       |    14 |    49 |    42 |    34 |     8 ||   147
       Throwing net      |       |       |       |     2 |       |     1 |       |       ||     3
       Tomahawk          |       |       |       |     3 |    27 |   102 |    55 |     1 ||   188
       Stone             |       |       |       |       |     4 |       |       |       ||     4
Invok: Heroism           |       |       |       |     8 |    17 |    15 |     8 |       ||    48
       Finesse           |       |       |       |       |       |     2 |     5 |     2 ||     9
Evoke: Wand              |       |       |     3 |    20 |     3 |     7 |     2 |     1 ||    36
  Use: Potion            |       |       |     1 |     1 |     4 |     3 |     7 |       ||    16
       Scroll            |       |       |       |    23 |    11 |    13 |     3 |     7 ||    57
 Stab: Held in net/web   |       |       |       |       |       |     3 |       |       ||     3
       Distracted        |       |       |       |       |       |       |     2 |       ||     2
  Eat: Chunk             |       |     3 |    10 |    12 |    22 |    19 |    14 |     3 ||    83
       Ration            |       |       |       |     4 |     3 |     2 |     4 |     2 ||    15
Armor: Scale mail        |    29 |    30 |    70 |     8 |       |       |       |       ||   137
       Plate armour      |       |       |       |   247 |   626 |   412 |   302 |    98 ||  1685
Dodge: Dodged            |    15 |    22 |    64 |   155 |   383 |   669 |   614 |   129 ||  2051
Block: Shield            |    23 |    52 |   132 |   408 |   764 |  1118 |   904 |       ||  3401
       Reflection        |       |       |       |       |    31 |   141 |   115 |    14 ||   301
       Large shield      |       |       |       |       |       |       |   212 |   365 ||   577
